 Dungeon Crawl Stone Soup version 0.29-a0-330-g52719c12eb (webtiles) character file.

Game seed: 7334545032685704868

248 kae the Changer (level 5, -1/40 HPs)
             Began as a Draconian Transmuter on May 17, 2022.
             Was an Initiate of Ru.
             Slain by Duvessa
             ... wielding a +0 short sword
              (10 damage)
             ... on level 4 of the Dungeon.
             The game lasted 00:03:41 (3527 turns).

kae the Changer (Draconian Transmuter)              Turns: 3527, Time: 00:03:42

Health: -1/40      AC:  2    Str: 13    XL:     5   Next: 86%
Magic:  4/9        EV: 19    Int: 15    God:    Ru [......]
Gold:   172        SH:  0    Dex: 16    Spells: 2/10 levels left

rFire   . . .      SeeInvis +     - Unarmed
rCold   . . .      Faith    .   (shield currently unavailable)
rNeg    . . .      Spirit   .   (body armour unavailable)
rPois   x          Reflect  .   (helmet currently unavailable)
rElec   .          Harm     .   (cloak currently unavailable)
rCorr   .          Rampage  .   (gloves currently unavailable)
Will    .....                   (boots currently unavailable)
Stlth   +.........              o - amulet of regeneration
HPRegen 0.93/turn               h - ring of see invisible
MPRegen 0.11/turn               m - ring of flight

@: spider-form, flying
A: venomous fangs, AC +5, tiny, unfitting armour, (cold-blooded)
a: End Transformation, Renounce Religion


You were on level 4 of the Dungeon.
You worshipped Ru.
Ru was noncommittal.
You were a venomous arachnid creature.
You visited 2 branches of the dungeon, and saw 5 of its levels.

You collected 172 gold pieces.

Inventory:

Jewellery
 e - an amulet of reflection
 h - a ring of see invisible (left front leg)
 m - a ring of flight (right front leg)
 o - an amulet of regeneration (around neck)
Scrolls
 b - a scroll of teleportation
 c - 4 scrolls of blinking {unknown}
 f - 5 scrolls of identify {unknown}
 g - 3 scrolls of noise {unknown}
 l - a scroll of amnesia {unknown}
 n - a scroll of enchant armour {unknown}
 q - a scroll of fear {unknown}
Potions
 a - a potion of lignification
 d - 2 potions of attraction {unknown}
 i - a potion of heal wounds {unknown}
 j - a potion of ambrosia {unknown}
 k - 2 potions of mutation {unknown}
 p - a potion of magic {unknown}


   Skills:
 - Level 1.2 Fighting
 - Level 1.8 Dodging
 + Level 4.1 Unarmed Combat
 + Level 3.2 Spellcasting
 * Level 4.5 Transmutations


You had 2 spell levels left.
You knew the following spells:

 Your Spells              Type           Power      Damage    Failure   Level
a - Beastly Appendage     Tmut           32%        N/A       11%         1
b - Wereblood             Tmut           16%        N/A       14%         2
c - Corpse Rot            Necr/Air       4%         N/A       52%         2
d - Spider Form           Tmut/Pois      9%         N/A       43%         3

Your spell library contained the following spells:

 Spells                   Type           Power      Damage    Failure   Level
 Poisonous Vapours        Pois/Air       4%         N/A       52%         2
 Scorch                   Fire           4%         2d5       52%         2
 Ignite Poison            Fire/Tmut/Pois 6%         N/A       54%         3
 Conjure Flame            Conj/Fire      2%         6-21      73%         3
 Ice Form                 Ice/Tmut       9%         N/A       78%         4
 Flame Wave               Conj/Fire      2%         2d4       97%         4
 Sticky Flame             Conj/Fire      2%         2d3       97%         4
 Summon Cactus Giant      Summ           1%         N/A       100%        6


Dungeon Overview and Level Annotations

Branches:
Dungeon (4/15)             Temple (1/1) D:4

Altars:
Ashenzari
Cheibriados
Dithmenos
Elyvilon
Fedhas
Gozag
Hepliaklqana
Kikubaaqudgha
Makhleb
Nemelex Xobeh
Okawaru
Qazlal
Ru
Sif Muna
Trog
Uskayaw
Wu Jian
Xom
Yredelemnul
Zin
The Shining One

Annotations:
D:3 Ijyb
D:4 Dowan, Duvessa


Innate Abilities, Weirdness & Mutations

You are a venomous arachnid creature.
You have poisonous fangs.
You are tiny and dextrous.
Your spellcasting is less reliable in this form.
Your armour is entirely melded.
You are incapable of wielding weapons or throwing items.
((Your plain brown scales are hard. (AC +5)))
You cannot fit into any form of body armour.
((You are cold-blooded and may be slowed by cold attacks.))


Message History

Confirm with . or Enter, or press ? or * to list all spells.
The spell is quite dangerous to miscast (22% risk of failure)!
Continue anyway? [Y]es or [N]o only, please.
The spell is quite dangerous to miscast (22% risk of failure)!
Continue anyway?
You miscast Spider Form.
You are very lightly contaminated with residual magic.
Nothing appears to happen.
Duvessa shouts!
There is a stone staircase leading up, spattered with blood here.
Casting: Spider Form (quite dangerous; 22% risk of failure)
Confirm with . or Enter, or press ? or * to list all spells.
The spell is quite dangerous to miscast (22% risk of failure)!
Continue anyway? [Y]es or [N]o only, please.
The spell is quite dangerous to miscast (22% risk of failure)!
Continue anyway?
You turn into a venomous arachnid creature.
Duvessa attacks as you move away! Duvessa hits you with a +0 short sword!
There is a stone staircase leading up, spattered with blood here.
You hit Duvessa.
Duvessa is poisoned.
Duvessa is lightly wounded.
Duvessa hits you with a +0 short sword.
You hit Duvessa.
Duvessa is lightly wounded.
Duvessa says, "Did you see that move?
Perfect!"
Duvessa closely misses you.
You bite Duvessa!
Duvessa looks as sick as possible!
Duvessa is moderately wounded.
Duvessa says, "Where magic fails, the sword succeeds!"
Duvessa closely misses you.
Your magical contamination has completely faded away.
You hit Duvessa but do no damage.
Duvessa looks as sick as possible!
Duvessa is heavily wounded.
Duvessa hits you with a +0 short sword!
You hit Duvessa.
Duvessa looks as sick as possible!
Duvessa is heavily wounded.
Duvessa hits you with a +0 short sword!
* * * LOW HITPOINT WARNING * * *
Dowan gestures at Duvessa while chanting.
Duvessa seems to speed up.
Duvessa misses you. Duvessa hits you with a +0 short sword!
You die...

.......... ... #....# .
.......... ...###....## ..
.......... ......e....#...
..######... ...............
.## ... ............# #.#
.... #........##
#.######......## #..."....#
.........[.##...##.........
.....####..# #.see........
#.....# #.# ##...........
......# #.# ###.........
.......###.# #.........
..#.#...##.## ###........#
.##..#......####..........#
## #.##.....##....#.......
# #..#.........#####.....
####..........### ..##.


You could see Duvessa (fast, extremely poisoned) and Dowan.

Vanquished Creatures
  A scorpion (D:4)
  A hound (D:4)
  An orc priest (D:3)
  2 orc wizards (D:4)
  3 adders
  A dart slug (D:4)
  5 orcs (D:4)
  5 ball pythons
  4 bats
  An endoplasm (D:2)
  A giant cockroach (D:2)
  4 goblins (D:4)
  3 hobgoblins
  4 jackals
  4 kobolds
  3 quokkas (D:2)
  3 rats
46 creatures vanquished.

Notes
Turn   | Place    | Note
-------+----------+-------------------------------------------
     0 | D:1      | kae the Draconian Transmuter began the quest for the Orb.
     0 | D:1      | Reached XP level 1. HP: 16/16 MP: 3/3
   147 | D:1      | Found a faded altar of an unknown god.
   399 | D:1      | Reached XP level 2. HP: 23/23 MP: 3/5
   570 | D:1      | Learned a level 2 spell: Wereblood
  1336 | D:2      | Reached XP level 3. HP: 17/28 MP: 2/6
  1342 | D:2      | Learned a level 2 spell: Corpse Rot
  1624 | D:3      | Noticed Ijyb
  2275 | D:4      | Noticed Duvessa
  2275 | D:4      | Noticed Dowan
  2773 | D:4      | Reached XP level 4. HP: 19/35 MP: 5/8
  2781 | D:4      | Learned a level 3 spell: Spider Form
  2848 | D:4      | Reached XP level 5. HP: 33/40 MP: 6/9
  3199 | D:4      | Found a staircase to the Ecumenical Temple.
  3252 | Temple   | Entered the Ecumenical Temple
  3428 | Temple   | Became a worshipper of Ru the Awakened
  3527 | D:4      | Slain by Duvessa

Illustrated notes

Levels and vault maps discovered:
D:1:      dpeg_arrival_long_road, layout_rooms,
          hellmonk_ecumenical_altar_pennies_from_heaven, serial_forest,
          infiniplex_forest_lined_3, infiniplex_forest_clump_small,
          infiniplex_forest_clump_diagonal, infiniplex_forest_lined_room_2,
          infiniplex_forest_lined_2, infiniplex_forest_3_way,
          infiniplex_forest_fountain, serial_bayou_crossing
D:2:      layout_basic, kennysheep_generic_room_7
D:3:      layout_basic, lemuel_another_geyser, uniq_ijyb
D:4:      layout_layer_cave, minmay_temple_entry_mist, serial_shops,
          shop_fountains, kennysheep_path_1, uniq_duvessa
Temple:   kilobyte_greek_temple

Skill      XL: |  1  2  3  4  5 |
---------------+----------------+-----
Transmutations | 3 4 |  4.5
Spellcasting   | 3 |  3.2
Unarmed Combat | 4 |  4.1
Fighting       | |  1.2
Dodging        | |  1.8

Action                   |  1- 3 |  4- 6 || total
-------------------------+-------+-------++-------
Melee: Unarmed           |   100 |    63 ||   163
       Kick              |    18 |     7 ||    25
       Tailslap          |    10 |     3 ||    13
       Headbutt          |     9 |     3 ||    12
       Punch             |     2 |     1 ||     3
 Cast: Beastly Appendage |    24 |     6 ||    30
       Wereblood         |     1 |       ||     1
       Spider Form       |       |     3 ||     3
  Use: Scroll            |     2 |       ||     2
Armor: Skin              |    36 |     9 ||    45
Dodge: Dodged            |    74 |    46 ||   120
Block: Other             |     4 |       ||     4

Table legend: (Time is in decaauts)
 A = Elapsed time spent in this place.
 B = Non-inter-level travel time spent in this place.
 C = Inter-level travel time spent in this place.
 D = Time resting spent in this place.
 E = Time spent auto-exploring this place.
 F = Levels seen in this place.
 G = Mean time per level.
                   A        B        C        D        E       F      G
               +--------+--------+--------+--------+--------+-----+--------+
         Total |   3536 |   3064 |    472 |    250 |   2257 |   5 |  707.2 |
       Dungeon |   3318 |   2915 |    403 |    250 |   2113 |   4 |  829.5 |
        Temple |    218 |    150 |     68 |      0 |    144 |   1 |  218.0 |
               +--------+--------+--------+--------+--------+-----+--------+

Top non-repeatable levels by time:
     D:2: 1062 daAuts
     D:3: 892 daAuts
     D:1: 814 daAuts
     D:4: 548 daAuts
  Temple: 218 daAuts
